 Dungeon Crawl Stone Soup version 0.20-a0-555-gf6ae02d (console) character file.

18 Lahna the Conjurer (level 2, -2/19 HPs)
             Began as a Formicid Conjurer on Feb 8, 2017.
             Slain by an adder (3 damage)
             ... on level 1 of the Dungeon.
             The game lasted 00:04:02 (884 turns).

Lahna the Conjurer (Formicid Conjurer)               Turns: 884, Time: 00:04:02

Health: -2/19      AC:  2    Str: 12    XL:     2   Next: 85%
Magic:  4/5        EV: 12    Int: 14    God:
Gold:   26         SH:  0    Dex: 11    Spells: 4/5 levels left

rFire    . . .     SeeInvis +   d - +0 short sword
rCold    . . .     Gourm    .   a - +0 robe
rNeg     . . .     Faith    .   (no shield)
rPois    .         Spirit   .   (helmet unavailable)
rElec    .         Reflect  .   (no cloak)
rCorr    .         Harm     .   (no gloves)
MR       .....                  (no boots)
Stlth    ++........             (no amulet)
Regen    0.1/turn               (no ring)
                                (no ring)

@: lethally poisoned (-2 -> -4), very slightly contaminated
A: permanent stasis, dig shafts and tunnels, four strong arms, antennae 3
a: Dig, Shaft Self


You were on level 1 of the Dungeon.
You were not hungry.

You visited 1 branch of the dungeon, and saw 2 of its levels.

You collected 26 gold pieces.

Inventory:

Hand Weapons
 d - a +0 short sword (weapon)
Armour
 a - a +0 robe (worn)
Jewellery
 j - an uncursed ring of see invisible {unknown}
Scrolls
 e - 2 scrolls of identify {unknown}
 h - a scroll of amnesia {unknown}
 i - a scroll of teleportation {unknown}
 k - a scroll of immolation {unknown}
Potions
 g - a potion of agility {unknown}
Books
 b - a book of Conjurations

   Spells                             Type                      Level
   a - Magic Dart                     Conjuration                  1
   b - Searing Ray                    Conjuration                  2
   c - Dazzling Spray                 Conjuration/Hexes            3
   d - Fulminant Prism                Conjuration/Hexes            4
   e - Iskenderun's Mystic Blast      Conjuration                  4
   f - Iskenderun's Battlesphere      Conjuration/Charms           5
Comestibles
 c - a bread ration


   Skills:
 - Level 1.7 Dodging
 - Level 2.4 Stealth
 - Level 2.1 Spellcasting
 + Level 4.2 Conjurations


You had 4 spell levels left.
You knew the following spells:

 Your Spells              Type           Power        Failure   Level  Hunger
a - Magic Dart            Conj           ##..         4%          1    #......


Dungeon Overview and Level Annotations

Branches:
Dungeon (2/15)

Altars:


Innate Abilities, Weirdness & Mutations

You cannot be hasted, slowed, berserked, paralysed or teleported.
You can dig through walls and to a lower floor.
Your four strong arms can wield two-handed weapons with a shield.
You have a pair of large antennae on your head. (SInv)


Message History

* * * LOW HITPOINT WARNING * * *
The adder barely misses you.
You miss the adder. The bat misses you. The adder closely misses you.
The kobold barely misses you. The bat barely misses you. The adder bites you.
* * * LOW HITPOINT WARNING * * *
Casting: Magic Dart
Confirm with . or Enter, or press ? or * to list all spells.
Aiming: Magic Dart
Press: ? - help, Shift-Dir - straight line, f - adder
Aim: an adder You miscast Magic Dart.
You are very lightly contaminated with residual magic.
Nothing appears to happen.
The bat closely misses you. The bat barely misses you.
The kobold closely misses you. The adder barely misses you.
You barely miss the adder.
* * * LOW HITPOINT WARNING * * *
You feel sick. The bat hits you but does no damage.
The kobold barely misses you. The adder bites you.
You die...

#..#....P...............#
####....)..............#####
#
#..#######.................#
#
....#......................#
#
....'..........♣♣♣♣#######.#
# #..#######..(♣♣♣ #..# #
#### ♣♣♣♣♣ #.## #
###############.####### #
#.....S@.b............# #
##.####K#############.###
###.......# #..#
#.........#############.##
#.........................
#.........#############..#
###.....#.# #.........
#.##.##.#######......^..
#.##..........'.........


You could see an adder, a bat and a kobold.

Vanquished Creatures
  A leopard gecko (D:1)
  2 bats (D:1)
  A giant cockroach (D:1)
  A hobgoblin (D:1)
  2 jackals (D:1)
  3 kobolds (D:1)
  A frilled lizard (D:1)
  3 goblins (D:1)
  A rat (D:1)
15 creatures vanquished.

Notes
Turn   | Place    | Note
-------+----------+-------------------------------------------
     0 | D:1      | Lahna the Formicid Conjurer began the quest for the Orb.
     0 | D:1      | Reached XP level 1. HP: 13/13 MP: 3/3
   204 | D:1      | Reached XP level 2. HP: 6/19 MP: 1/5
   380 | D:1      | Reached skill level 4 in Conjurations
   884 | D:1      | Slain by an adder

Vault maps used:
D:1:      sevenhm_arrival_forest_fort_large_4
D:2:      minmay_door_path, dancing_weapons_uskayaw,
          chequers_ecumenical_altar_simple, hangedman_feature_mirror,
          okawaru_trees_1

Skill      XL: |  1  2 |
---------------+-------+-----
Conjurations   | 4 |  4.2
Dodging        | |  1.7
Stealth        | |  2.4
Spellcasting   | |  2.1

Action                   || total
-------------------------++-------
Melee: Short sword       ||    26
       Unarmed           ||     2
 Cast: Magic Dart        ||    18
Armor: Robe              ||    15
Dodge: Dodged            ||    32
